Map: Lost and Found LE

Players

Mana - Winner!

  • Race: Protoss Protoss
  • Spawn Location: 7:00

Jason

  • Race: Terran Terran
  • Spawn Location: 1:00

Event: WCS Montreal 2018

VOD

Have the link to the VOD?

Description

Time

  • Played on: Sept. 7, 2018, 12:31 p.m.
  • Length: 7:00

All games in this series

Show
View Real Time Build Order
Export as new Build Order

Mana Protoss - Winner!

Build Orders: 1 Gate Expand 

Get SALT Encoding   

  12  0:00  Probe  
  13  0:12  Probe  
  14  0:16  Pylon  
  14  0:23  Probe  
  15  0:31  Probe  
  15  0:36  Gateway  
  15  0:39  Probe  
  16  0:47  Assimilator  
  17  0:50  Probe  
  18  0:58  Probe  
  19  1:06  Probe  
  20  1:24  Nexus  
  20  1:33  Cybernetics Core  
  20  1:35  Probe  
  21  1:41  Assimilator  
  21  1:48  Pylon  
  21  1:51  Probe  
  22  2:00  Stalker  
  22  2:03  Probe  
  23  2:10  Warp Gate  
  26  2:15  Probe  
  26  2:22  Robotics Facility  
  26  2:27  Probe  
  27  2:31  Adept  
  27  2:36  Probe  
  30  2:42  Probe  
  31  2:48  Probe  
  32  2:54  Probe  
  32  2:58  Stalker  
  35  3:00  Probe  
  35  3:02  Observer  
  36  3:06  Probe  
  36  3:12  Probe  
  39  3:17  Gateway x2  
  39  3:18  Probe  
  40  3:25  Warp Prism  
  42  3:30  Probe x2  
  44  3:40  Pylon  
  44  3:42  Probe  
  44  3:43  Probe  
  46  3:50  Twilight Council  
  46  3:52  Pylon  
  46  3:58  Probe x2, Forge  
  48  4:05  Protoss Ground Weapons Level 1, Observer  
  47  4:10  Probe x2, Observer  
  47  4:13  Adept x2, Stalker  
  56  4:18  Resonating Glaives  
  56  4:22  Probe  
  57  4:25  Probe  
  57  4:26  Pylon  
  58  4:35  Probe  
  58  4:37  Immortal  
  62  4:41  Assimilator  
  62  4:44  Assimilator, Probe  
  63  4:48  Probe  
  63  4:51  Sentry  
  66  4:53  Pylon  
  66  4:56  Probe  
  67  5:06  Probe  
  66  5:08  Immortal  
  66  5:14  Gateway  
  66  5:15  Gateway  
  66  5:19  Gateway  
  70  5:22  Sentry  
  72  5:31  Stalker x2  
  72  5:34  Pylon  
  76  5:36  Pylon  
  76  5:38  Pylon, Probe  
  76  5:39  Probe  
  78  5:46  Observer  
  78  5:52  Immortal  
  78  5:54  Adept x2, Observer  
  78  5:56  Adept  
  88  6:01  Pylon  
  88  6:23  Adept x2  
  88  6:24  Adept x4  
  100  6:32  Nexus  
  100  6:49  Adept x3  
  100  6:52  Adept x3  
Show
View Real Time Build Order
Export as new Build Order

Jason Terran 

Build Orders: Reaper Expand 

Get SALT Encoding   

  12  0:00  SCV  
  13  0:13  SCV  
  14  0:17  Supply Depot  
  14  0:25  SCV  
  15  0:38  SCV  
  15  0:41  Barracks  
  16  0:45  Refinery  
  16  0:50  SCV  
  17  1:03  SCV  
  18  1:15  SCV  
  19  1:31  Orbital Command  
  19  1:32  Reaper  
  20  1:49  Command Center  
  20  1:58  SCV  
  20  1:59  Supply Depot  
  21  2:04  Marine  
  22  2:10  SCV  
  22  2:12  Factory  
  23  2:18  Refinery  
  23  2:23  SCV  
  23  2:24  Marine  
  25  2:36  SCV  
  26  2:42  Barracks Reactor  
  26  2:49  SCV  
  27  2:58  Starport  
  27  3:02  Orbital Command  
  27  3:05  Widow Mine  
  29  3:08  SCV  
  29  3:12  Bunker, Supply Depot  
  30  3:19  Marine x2  
  31  3:20  SCV  
  33  3:31  SCV  
  33  3:32  SCV  
  35  3:36  Medivac, Widow Mine  
  35  3:37  Marine x2  
  41  3:45  SCV  
  41  3:47  Engineering Bay  
  42  3:52  SCV  
  43  3:57  Barracks  
  43  3:59  SCV, Barracks  
  44  4:03  Marine  
  44  4:04  SCV  
  44  4:06  Factory Tech Lab  
  44  4:07  Viking  
  47  4:11  SCV  
  47  4:13  Terran Infantry Weapons Level 1  
  47  4:17  SCV  
  49  4:20  Marine  
  49  4:21  Marine  
  49  4:23  SCV  
  53  4:31  SCV  
  53  4:33  Factory Reactor  
  53  4:36  SCV  
  54  4:40  Starport Tech Lab  
  54  4:45  Supply Depot  
  54  4:46  Barracks Tech Lab  
  54  4:47  Supply Depot  
  54  4:49  Refinery  
  54  4:54  Stimpack  
  54  4:55  SCV  
  54  5:01  SCV  
  54  5:03  Marine  
  54  5:06  Marine  
  57  5:07  Marauder, SCV  
  57  5:08  Marine  
  57  5:13  SCV  
  60  5:16  Supply Depot  
  60  5:19  SCV  
  60  5:20  Widow Mine x2  
  60  5:21  Marine  
  65  5:25  SCV  
  65  5:26  Starport Reactor  
  67  5:31  SCV  
  67  5:33  Marauder  
  70  5:38  SCV, Marine  
  70  5:40  Supply Depot  
  70  5:42  Marine  
  73  5:43  SCV  
  73  5:44  Widow Mine  
  76  5:50  Marauder  
  78  5:58  Supply Depot  
  78  6:00  Command Center, Supply Depot  
  78  6:02  Marauder, SCV x2  
  78  6:03  Marine  
  83  6:09  Marine, Supply Depot x2  
  84  6:14  SCV x2  
  86  6:20  Medivac x2, Widow Mine x2  
  94  6:29  SCV  
  95  6:36  Barracks  
  95  6:38  Barracks  
  95  6:40  Marine  
Tags
 
Add a new tag
Caveats
  • Supply blocks, unpowered buildings, or Contaminate may cause inaccurate times.
  • Supply counts are checked every 10 seconds.